 Dungeon Crawl Stone Soup version 0.31-a0-955-gcb8bc90ed4 (webtiles) character file.

Game seed: 2090118534944421771

1344 Conn the Sneak (level 8, -16/51 HPs)
             Began as an Octopode Fire Elementalist on Oct 22, 2023.
             Demolished by EuServersOMG's ghost (17 damage)
             ... on level 5 of the Dungeon.
             The game lasted 00:12:04 (5121 turns).

Conn the Sneak (Octopode Fire Elementalist)         Turns: 5121, Time: 00:12:04

Health: -16/51     AC:  1    Str: 14    XL:     8   Next: 62%
Magic:  1/14       EV: 14    Int: 19    God:
Gold:   150        SH:  5    Dex: 12    Spells: 0/15 levels left

rFire   . . .        b - +3 hand axe
rCold   . . .        (no shield)
rNeg    . . .        (helmet restricted)
rPois   .            f - amulet of reflection
rElec   .            o - +6 ring of strength
rCorr   .            (no ring)
SInv    .            (no ring)
Will    .....        (no ring)
Stlth   ++++         (no ring)
HPRegen 0.28/turn    (no ring)
MPRegen 0.14/turn    (no ring)
                     (no ring)

%: reflection
@: no status effects
A: almost no armour, amphibious, 8 rings, camouflage 1, gelatinous body 1,
(nimble swimmer 1), tentacles
a: no special abilities


You were on level 5 of the Dungeon.
You visited 1 branch of the dungeon, and saw 5 of its levels.

You collected 366 gold pieces.
You spent 216 gold pieces at shops.

Inventory:

Hand Weapons
 b - a +3 hand axe (weapon)
Missiles
 c - 3 atropa-tipped darts
Jewellery
 f - an amulet of reflection (around mantle)
 o - a +6 ring of strength (left tentacle)
Wands
 l - a wand of roots (15)
 m - a wand of flame (15)
 s - a wand of light (9)
Scrolls
 d - 2 scrolls of poison {unknown}
 g - a scroll of fog {unknown}
 h - a scroll of teleportation {unknown}
 i - 2 scrolls of vulnerability {unknown}
 k - a scroll of silence {unknown}
 q - a scroll of butterflies {unknown}
 t - 3 scrolls of amnesia {unknown}
Potions
 a - 2 potions of magic
 j - a potion of cancellation
 n - a potion of attraction
 p - a potion of mutation {unknown}
 r - a potion of degeneration {unknown}
 u - a potion of heal wounds {unknown}


   Skills:
 + Level 2.9 Fighting
 + Level 2.5 Axes
 + Level 3.7 Dodging
 + Level 5.2 Stealth
 * Level 4.3 Spellcasting
 * Level 4.4 Conjurations
 - Level 3.0 Hexes
 + Level 1.8 Summonings
 + Level 4.4 Fire Magic
 + Level 0.0 Air Magic
 + Level 0.0 Poison Magic


You couldn't memorise any spells.
You knew the following spells:

 Your Spells              Type           Power      Damage    Failure   Level
a - Foxfire               Conj/Fire      80%        2x1d8     2%          1
b - Scorch                Fire           40%        2d6       3%          2
c - Inner Flame           Hex/Fire       18%        N/A       9%          3
d - Flame Wave            Conj/Fire      20%        2d7       22%         4
e - Call Imp              Summ           22%        N/A       10%         2
f - Mephitic Cloud        Conj/Pois/Air  9%         N/A       22%         3

Your spell library contained the following spells:

 Spells                   Type           Power      Damage    Failure   Level
 Magic Dart               Conj           84%        1d7       2%          1
 Jinxbite                 Hex            30%        N/A       6%          2
 Apportation              Tloc           8%         N/A       13%         1
 Freeze                   Ice            16%        1d4       13%         1
 Hailstorm                Conj/Ice       12%        3d5       16%         3
 Volatile Blastmotes      Fire/Tloc      24%        2d12      16%         3
 Frozen Ramparts          Ice            8%         1d2       36%         3
 Alistair's Intoxication  Tmut/Pois      2%         N/A       98%         5


Dungeon Overview and Level Annotations

Branches:
Dungeon (5/15)             Temple (0/1) D:5

Altars:
Cheibriados
Trog

Shops:
D:4 :

Annotations:
D:5 EuServersOMG's ghost, novice FoFi


Innate Abilities, Weirdness & Mutations

You cannot wear most types of armour.
You are amphibious.
You can wear up to eight rings at the same time.
Your skin changes colour to match your surroundings (Stealth+).
Your rubbery body absorbs attacks. (AC +1, EV +1)
((You are camouflaged when in or above water. (Stealth+)))
You have tentacles for arms and can constrict up to eight enemies at once.


Message History

EuServersOMG's ghost is almost destroyed.
EuServersOMG's ghost hits you!
* * * LOW HITPOINT WARNING * * *
Aiming: Bolt of Light
Press: ? - help, Shift-Dir - straight line, f - EuServersOMG's ghost
Aim: EuServersOMG's ghost, wielding a weapon of electrocution (almost destroyed, 75% to hit)
Okay, then.
Unknown command.
Okay, then.
Unknown command.
Okay, then.
Casting: Foxfire (safe; 2% risk of failure)
Confirm with . or Enter, or press ? or * to list all spells.
Okay, then.
Okay, then.
Unknown command.
Press: ? - help, v - describe, . - travel
Here: EuServersOMG's ghost, wielding a weapon of electrocution (almost destroyed)
An open door.
Unknown command.
Unknown command.
Unknown command.
Unknown command.
Unknown command.
You feel better. EuServersOMG's ghost hits you!
* * * LOW HITPOINT WARNING * * *
You feel better.
You block EuServersOMG's ghost's attack.
Okay, then.
Unknown command.
Okay, then.
Aiming: Fastroot
Press: ? - help, Shift-Dir - straight line, f - worm
Aim: a worm The roots erupt in riotous growth!
EuServersOMG's ghost is unaffected.
Roots grab the worm.
The grasping roots constrict the worm.
EuServersOMG's ghost hits you!
* * * LOW HITPOINT WARNING * * *
You are electrocuted!
You die...

#############(........#
#.........(##.........#
#..........##.........# #
#..........##.........#
###..........++.........#
'.'..........##.........#
###..).......##.........#
.............##.@.......#
##.#+############W####### ##.#..#
~~~~~w#w## ##.#.. ~$~~~~'§§#
.#.#.. ~~~~~†#..# ##.#.###
#######..######
...#.#.#+##+#####....#..#
...#.#.........#####.#..#########
.....#<........##....#...........


You could see a worm (rooted) and EuServersOMG's ghost.

Vanquished Creatures
  Pikel (D:5)
  Sigmund (D:5)
  An ice beast (D:5)
  An ogre (D:4)
  A lemure (D:5)
  The ghost of dertzug the Caller, an amateur DESu (D:3)
  A kobold brigand (D:3)
  2 orc priests (D:5)
  A jelly (D:5)
  A gnoll bouda (D:2)
  Crazy Yiuf (D:4)
  2 iguanas
  A sleepcap (D:5)
  4 gnolls
  8 adders
  3 worms
  9 orcs
  7 endoplasms
  2 giant cockroaches
  3 hobgoblins
  5 jackals
  3 quokkas
  7 ball pythons
  3 bats (D:1)
  3 frilled lizards
  5 goblins
  15 kobolds
  3 rats
95 creatures vanquished.

Vanquished Creatures (others)
  188 foxfires
188 creatures vanquished.

Grand Total: 283 creatures vanquished

Notes
Turn   | Place    | Note
-------+----------+-------------------------------------------
     0 | D:1      | Conn the Octopode Fire Elementalist began the quest for the
                  | Orb.
     0 | D:1      | Reached XP level 1. HP: 11/11 MP: 3/3
    88 | D:1      | Reached skill level 3 in Stealth
    88 | D:1      | Reached XP level 2. HP: 17/17 MP: 0/5
   167 | D:1      | Learned a level 2 spell: Scorch
   293 | D:1      | You fall into a shaft and drop 1 floor!
   496 | D:1      | Reached XP level 3. HP: 21/21 MP: 6/6
   541 | D:1      | Learned a level 3 spell: Inner Flame
  1326 | D:2      | Reached XP level 4. HP: 27/27 MP: 4/7
  1560 | D:2      | Reached skill level 1 in Fighting
  1865 | D:2      | Reached skill level 1 in Hexes
  2208 | D:3      | Noticed a kobold brigand
  2210 | D:3      | Noticed dertzug's ghost (amateur DESu)
  2211 | D:3      | Found a runed translucent gate.
  2211 | D:3      | Found a runed translucent gate.
  2211 | D:3      | Found a runed translucent gate.
  2273 | D:3      | Reached XP level 5. HP: 33/33 MP: 3/8
  3190 | D:3      | Killed dertzug's ghost
  3190 | D:3      | Killed a kobold brigand
  3191 | D:3      | Reached skill level 1 in Axes
  3191 | D:3      | Reached XP level 6. HP: 38/38 MP: 0/10
  3542 | D:4      | Found a runed translucent door.
  3543 | D:4      | Noticed Crazy Yiuf
  3634 | D:4      | Killed Crazy Yiuf
  3635 | D:4      | Reached skill level 4 in Stealth
  3734 | D:4      | Found a bloodstained altar of Trog.
  3808 | D:4      | Reached XP level 7. HP: 44/44 MP: 0/12
  4013 | D:4      | Found Ijecyope's Book Emporium.
  4018 | D:4      | Bought a book of Minor Magic for 216 gold pieces
  4023 | D:4      | Learned a level 4 spell: Flame Wave
  4026 | D:4      | Learned a level 2 spell: Call Imp
  4188 | D:5      | Entered Level 5 of the Dungeon
  4362 | D:5      | Found a snail-covered altar of Cheibriados.
  4525 | D:5      | Found a staircase to the Ecumenical Temple.
  4528 | D:5      | Noticed Sigmund
  4546 | D:5      | Killed Sigmund
  4547 | D:5      | Reached skill level 1 in Summonings
  4547 | D:5      | Reached XP level 8. HP: 24/50 MP: 0/13
  4847 | D:5      | Noticed Pikel
  4856 | D:5      | Killed Pikel
  4857 | D:5      | Reached skill level 5 in Stealth
  4967 | D:5      | Identified the +4 whip "Hiduzxem" {venom, rC- Str+4 Int-5
                  | Stlth+}
  5084 | D:5      | Found a runed translucent door.
  5086 | D:5      | Noticed EuServersOMG's ghost (novice FoFi)
  5100 | D:5      | Learned a level 3 spell: Mephitic Cloud
  5121 | D:5      | HP: 1/51 [EuServersOMG's ghost (11)]
  5121 | D:5      | Demolished by EuServersOMG's ghost

Illustrated notes

Levels and vault maps discovered:
D:1:      dpeg_arrival_arbitrary_b, layout_loops_ring
D:2:      layout_basic, minmay_tetromino_s2
D:3:      layout_basic, gammafunk_ghost_nasty_kobolds, grunt_decor_one_mirror
D:4:      layout_cave_pools, lightli_temple_of_fire, serial_shops,
          nicolae_shop_hallway_plus, eino_tiny_chamber, hangedman_decor_lopped,
          uniq_crazy_yiuf_cottage
D:5:      layout_basic, mainiacjoe_overflow_small_starburst,
          minmay_temple_entry_overgrown, ebering_ghost_sewer_f, uniq_sigmund,
          uniq_pikel

Skill      XL: |  1  2  3  4  5  6  7  8 |
---------------+-------------------------+-----
Stealth        | 3 4 5 |  5.2
Fighting       | 1 2 |  2.9
Conjurations   | 2 3 4 |  4.4
Hexes          | 1 2 3 |  3.0
Axes           | 1 2 |  2.5
Spellcasting   | 3 4 |  4.3
Dodging        | 3 |  3.7
Fire Magic     | 4 |  4.4
Summonings     | 1 |  1.8

Action                     |  1- 3 |  4- 6 |  7- 9 || total
---------------------------+-------+-------+-------++-------
  Melee: Hand axe          |    32 |    25 |    20 ||    77
         Constrict         |     1 |     8 |     5 ||    14
         Tentacles         |     1 |     5 |     6 ||    12
         Punch             |       |     2 |       ||     2
   Cast: Foxfire           |    29 |    60 |    20 ||   109
         Scorch            |       |     8 |    20 ||    28
         Inner Flame       |       |     5 |     2 ||     7
         Call Imp          |       |       |     1 ||     1
  Evoke: Wand              |       |       |     2 ||     2
    Use: Potion            |       |     3 |     2 ||     5
   Stab: Sleeping          |     5 |     6 |     4 ||    15
 Armour: Skin              |    18 |    13 |    21 ||    52
  Dodge: Dodged            |    25 |    15 |     7 ||    47
  Block: Other             |       |     7 |     7 ||    14
         Reflection        |       |     2 |       ||     2

Table legend: (Time is in decaauts)
 A = Elapsed time spent in this place.
 B = Non-inter-level travel time spent in this place.
 C = Inter-level travel time spent in this place.
 D = Time resting spent in this place.
 E = Time spent auto-exploring this place.
 F = Levels seen in this place.
 G = Mean time per level.
                   A        B        C        D        E       F      G
               +--------+--------+--------+--------+--------+-----+--------+
         Total |   5141 |   5064 |     77 |    274 |   3737 |   5 | 1028.2 |
       Dungeon |   5141 |   5064 |     77 |    274 |   3737 |   5 | 1028.2 |
               +--------+--------+--------+--------+--------+-----+--------+

Top non-repeatable levels by time:
     D:3: 1288 daAuts
     D:2: 1057 daAuts
     D:4: 936 daAuts
     D:5: 935 daAuts
     D:1: 922 daAuts
